 Dungeon Crawl Stone Soup version 0.20-a0-40-gb6e7b4f (webtiles) character file.

26410 Faca the Blocker (level 12, -8/115 HPs)
             Began as a Minotaur Fighter on Nov 11, 2016.
             Was the Champion of Okawaru.
             Killed by divine providence
             ... invoked by an orc high priest
              (16 damage)
             ... on level 2 of the Orcish Mines on Nov 12, 2016.
             The game lasted 02:03:46 (13889 turns).

Faca the Blocker (Minotaur Fighter)                Turns: 13889, Time: 02:03:46

Health: -8/115     AC:  3    Str: 20    XL:     12   Next: 98%
Magic:  11/11      EV:  6    Int:  8    God:    Okawaru [******]
Gold:   719        SH: 14    Dex: 16    Spells: 0 memorised, 11 levels left

rFire  . . .     SeeInvis .     y - +2 hand axe (venom)
rCold  . . .     Gourm    .     p - +4 plate armour
rNeg   . . .     Faith    .     c - +1 shield
rPois  .         Spirit   .     H - +1 hat {Int+3}
rElec  +         Reflect  .     C - +0 cloak
rCorr  .         Harm     .     a - +2 pair of gloves of the Tick {rElec Stlth+}
MR     .....                    h - +0 pair of boots
Stlth  ..........               g - amulet of magic regeneration
                                (no ring)
                                (no ring)

@: about to teleport, corroded, drained
A: retaliatory headbutt, horns 2
a: Heroism, Finesse, Renounce Religion


You were on level 2 of the Orcish Mines.
You worshipped Okawaru.
Okawaru was exalted by your worship.
You were not hungry.

You visited 2 branches of the dungeon, and saw 12 of its levels.

You collected 1020 gold pieces.
You spent 301 gold pieces at shops.

Inventory:

Hand Weapons
 d - the +6 broad axe "Cyrueqoruo" {freeze, Stlth+}
   (Okawaru gifted it to you on level 2 of the Orcish Mines)

   It has been specially enchanted to freeze those struck by it, causing extra
   injury to most foes and up to half again as much damage against particularly
   susceptible opponents.
   It can also slow down cold-blooded creatures.
   It makes you more stealthy.
 r - a +3 rapier of holy wrath
 y - a +2 hand axe of venom (weapon)
 A - a +3 flail of draining
Missiles
 B - 7 tomahawks of returning (quivered)
Armour
 a - the +2 pair of gloves of the Tick (worn) {rElec Stlth+}
   (Okawaru gifted it to you on level 10 of the Dungeon)

   It insulates you from electricity.
   It makes you more stealthy.
 c - a +1 shield (worn)
 h - a +0 pair of boots (worn)
 p - a +4 plate armour (worn)
 C - a +0 cloak (worn)
 H - a +1 hat of intelligence (worn)
Jewellery
 g - an amulet of magic regeneration (around neck)
Wands
 v - a wand of iceblast (7/15)
 F - a wand of lightning (8/15)
 I - a wand of hasting (4/9)
Scrolls
 i - a scroll of identify
 l - 4 scrolls of teleportation
 m - 7 scrolls of remove curse
 n - 2 scrolls of magic mapping
 o - 3 scrolls of recharging
 x - a scroll of blinking
 G - 3 scrolls of enchant weapon
Potions
 j - a potion of ambrosia
 q - 2 potions of brilliance
 u - a potion of flight
 z - a potion of lignification
 D - a potion of cure mutation
 J - a potion of agility
Books
 b - a book of Debilitation

   Spells                             Type                      Level
   a - Corona                         Hexes                        1
   b - Slow                           Hexes                        2
   c - Gell's Gravitas                Hexes/Translocation          3
   d - Inner Flame                    Hexes/Fire                   3
   e - Cause Fear                     Hexes                        4
   f - Leda's Liquefaction            Hexes/Earth                  4
 k - a book of Necromancy

   Spells                             Type                      Level
   a - Pain                           Necromancy                   1
   b - Animate Skeleton               Necromancy                   1
   c - Vampiric Draining              Necromancy                   3
   d - Regeneration                   Charms/Necromancy            3
   e - Animate Dead                   Necromancy                   4
   f - Control Undead                 Necromancy                   4
 w - a book of Cantrips

   Spells                             Type                      Level
   a - Confusing Touch                Hexes                        1
   b - Animate Skeleton               Necromancy                   1
   c - Summon Small Mammal            Summoning                    1
   d - Apportation                    Translocation                1
 M - a book of Battle

   Spells                             Type                      Level
   a - Infusion                       Charms                       1
   b - Shroud of Golubria             Charms/Translocation         2
   c - Song of Slaying                Charms                       2
   d - Spectral Weapon                Hexes/Charms                 3
   e - Regeneration                   Charms/Necromancy            3
Miscellaneous
 N - a disc of storms
Comestibles
 f - 2 bread rations
 s - a slice of pizza
 t - 2 meat rations
 E - 2 beef jerkies
 L - 6 royal jellies


   Skills:
 + Level 13.2(11.8) Fighting
 + Level 13.1(11.7) Axes
 + Level 13.3(11.9) Armour
 - Level 0.9(0.0) Dodging
 + Level 13.4(12.0) Shields


You had 11 spell levels left.
You didn't know any spells.

Dungeon Overview and Level Annotations

Branches:
Dungeon (10/15)            Temple (0/1) D:7            Lair (0/6) D:9
    Orc (2/2) D:10            Elf (0/3) Orc:2

Altars:
Fedhas
Kikubaaqudgha
Makhleb
Okawaru
Ru
Sif Muna
Vehumet
Zin
Beogh

Shops:
Orc:2 *?


Innate Abilities, Weirdness & Mutations

You reflexively headbutt those who attack you in melee.
You have a pair of horns on your head.


Message History

The orc sorcerer hits you with a dagger.
The orange demon stings you. The orange demon hits you.
* * * LOW HITPOINT WARNING * * *
The orc high priest calls upon Beogh to heal the orc sorcerer.
The orc sorcerer's wounds heal themselves!
You can move again.
As you read the scroll of teleportation, it crumbles to dust.
You feel strangely unstable. You block the rust devil's attack.
You block the orc sorcerer's attack.
The orc high priest hits you but does no damage.
You block the orange demon's attack.
The orange demon hits you but does no damage.
You block the rust devil's attack.
The orc sorcerer points at you and mumbles some strange words.
The bolt of negative energy hits you!
You feel drained.
* * * LOW HITPOINT WARNING * * *
The orange demon barely misses you.
The orc high priest mumbles some strange prayers to Beogh against you.
Beogh smites you!
You die...

.......#.......#...#.[.#
....#(.........##.###..##
....#..).........#####..##
))..))..#.......###.###..##
.....).)......####..(###..##
...#..........###.#)#.###..##
.............###...#...###.(##
............###...###)..###))##
...........###..@##
##.).###[.## ..........###44.##
##...()...## .........###.o.##
##)).#....# ........###.#o##
##....#... .......###..o3o..#
##.....#. ......###.....#o##
##.(#... .......###......o#
##.....#. ........###.#.# .o#
##....#... .........###... #..#
##...#)...#


You could see an orc high priest, an orange demon, a rust devil, a smoke demon,
an orc sorcerer and an orc priest.

Vanquished Creatures
  An orc warlord (Orc:1)
  Erolcha (D:9)
  Erica (D:9)
  2 orc high priests (Orc:2)
  A sun demon (Orc:2)
  A sixfirhy (Orc:1)
  A soul eater (Orc:2)
  A hill giant (D:10)
  A hill giant (shapeshifter) (D:8)
  4 orc knights
  2 orc sorcerers (Orc:2)
  An ugly thing (D:10)
  A cyclops (Orc:2)
  An orange demon (Orc:2)
  A smoke demon (Orc:2)
  3 komodo dragons (D:9)
  A queen bee (D:9)
  6 trolls
  Prince Ribbit (D:6)
  2 hippogriffs (D:8)
  A vampire (D:10)
  17 yaks
  A wyvern (D:10)
  2 hungry ghosts
  A neqoxec (Orc:2)
  Menkaure (D:6)
  A mottled dragon (D:9)
  A water moccasin (D:9)
  3 ice beasts
  2 sky beasts
  32 orc warriors
  A black bear (D:7)
  2 necrophages (D:8)
  4 phantoms
  A hornet zombie (D:10)
  12 ogres
  A crocodile (D:9)
  4 centaurs
  3 big kobolds
  6 bullfrogs
  A wyvern zombie (D:9)
  A scorpion (D:8)
  17 killer bees (D:9)
  2 howler monkeys
  5 crimson imps
  4 jellies
  A quasit (D:9)
  5 hounds
  24 orc priests
  3 bullfrog skeletons
  15 orc wizards
  3 centaur skeletons
  A gnoll shaman (D:8)
  Terence (D:2)
  11 iguanas
  9 worker ants
  A killer bee zombie (D:7)
  3 hound skeletons
  A howler monkey zombie (D:5)
  2 worker ant zombies
  7 gnolls
  8 adders
  2 shadow imps (D:7)
  3 adder skeletons
  3 worms
  5 dart slugs
  6 leopard geckos
  97 orcs
  A ball python (D:5)
  6 bats
  2 giant cockroaches
  8 goblins
  5 hobgoblins
  20 jackals
  9 quokkas
  4 frilled lizards
  A jackal skeleton (D:6)
  21 kobolds
  A quokka skeleton (D:7)
  13 rats
461 creatures vanquished.

Vanquished Creatures (others)
  An orc (Orc:2)
  A fungus (D:9)
2 creatures vanquished.

Grand Total: 463 creatures vanquished

Notes
Turn   | Place    | Note
-------+----------+-------------------------------------------
     0 | D:1      | Faca the Minotaur Fighter began the quest for the Orb.
     0 | D:1      | Reached XP level 1. HP: 19/19 MP: 0/0
   143 | D:1      | Reached XP level 2. HP: 27/27 MP: 1/1
  1054 | D:2      | Reached XP level 3. HP: 33/33 MP: 2/2
  1092 | D:2      | Found a radiant altar of Vehumet.
  1098 | D:2      | Found a burning altar of Makhleb.
  1099 | D:2      | Found an iron altar of Okawaru.
  1105 | D:2      | Became a worshipper of Warmaster Okawaru
  1699 | D:2      | Noticed Terence
  1706 | D:2      | Killed Terence
  1706 | D:2      | Reached XP level 4. HP: 32/40 MP: 3/3
  2454 | D:3      | Reached XP level 5. HP: 40/47 MP: 4/4
  2490 | D:3      | Found a deep blue altar of Sif Muna.
  2579 | D:3      | Reached skill level 5 in Shields
  2807 | D:4      | Reached XP level 6. HP: 29/53 MP: 5/5
  2807 | D:4      | Reached skill level 5 in Armour
  3041 | D:4      | Reached * piety under Okawaru
  3041 | D:4      | Reached skill level 5 in Fighting
  3041 | D:4      | Reached skill level 5 in Axes
  3407 | D:4      | Reached XP level 7. HP: 57/61 MP: 6/6
  3459 | D:5      | Entered Level 5 of the Dungeon
  3546 | D:5      | Found a sacrificial altar of Ru.
  3690 | D:5      | Found a glowing silver altar of Zin.
  3939 | D:5      | Reached ** piety under Okawaru
  4199 | D:6      | Reached XP level 8. HP: 69/71 MP: 7/7
  4407 | D:6      | Noticed Menkaure
  4412 | D:6      | Killed Menkaure
  4587 | D:6      | Noticed Prince Ribbit
  4588 | D:6      | Reached *** piety under Okawaru
  4709 | D:6      | Killed Prince Ribbit
  4925 | D:6      | Reached XP level 9. HP: 23/80 MP: 8/8
  5727 | D:7      | Reached **** piety under Okawaru
  6300 | D:7      | Found a staircase to the Ecumenical Temple.
  6492 | D:8      | Noticed a fire crab
  6500 | D:8      | Reached ***** piety under Okawaru
  6511 | D:8      | Reached XP level 10. HP: 73/91 MP: 9/9
  6531 | D:8      | Noticed a hill giant
  6536 | D:8      | Killed a hill giant
  6961 | D:8      | Reached skill level 10 in Armour
  7064 | D:8      | Reached skill level 10 in Shields
  7302 | D:9      | Noticed Erolcha
  7313 | D:9      | Reached skill level 10 in Fighting
  7319 | D:9      | Reached skill level 10 in Axes
  7654 | D:9      | Received a gift from Okawaru
  7824 | D:9      | Found an ancient bone altar of Kikubaaqudgha.
  7898 | D:9      | Paralysed by Erolcha for 4 turns
  7908 | D:9      | Killed Erolcha
  7908 | D:9      | Reached XP level 11. HP: 65/101 MP: 10/10
  8034 | D:9      | Found an ancient bone altar of Kikubaaqudgha.
  8161 | D:9      | Reached ****** piety under Okawaru
  8499 | D:9      | Noticed Erica
  8509 | D:9      | Killed Erica
  8525 | D:9      | Found a staircase to the Lair.
  8790 | D:9      | Found a blossoming altar of Fedhas.
  8936 | D:9      | Found a roughly hewn altar of Beogh.
  9124 | D:10     | Entered Level 10 of the Dungeon
  9552 | D:10     | Noticed a purple ugly thing
  9567 | D:10     | Killed a purple ugly thing
  9985 | D:10     | Noticed a hill giant
 10001 | D:10     | Killed a hill giant
 10537 | D:10     | Found a staircase to the Orcish Mines.
 10551 | D:10     | Received a gift from Okawaru
 10552 | D:10     | Got a pair of spiked gloves {god gift}
 10570 | D:10     | Identified the +2 pair of gloves of the Tick {rElec Stlth+} (Okawaru gifted it to you on level 10 of the Dungeon)
 10701 | Orc:1    | Entered Level 1 of the Orcish Mines
 10821 | Orc:2    | Entered Level 2 of the Orcish Mines
 10824 | Orc:2    | Noticed an orc warlord
 11222 | Orc:1    | Killed an orc warlord
 11222 | Orc:1    | Reached XP level 12. HP: 70/112 MP: 11/11
 11964 | Orc:2    | Found Feoblat's General Store.
 12871 | Orc:2    | Found a staircase to the Elven Halls.
 12930 | Orc:2    | Received a gift from Okawaru
 12931 | Orc:2    | Got an ichor-stained broad axe {god gift}
 12957 | Orc:2    | Identified the +6 broad axe "Cyrueqoruo" {freeze, Stlth+} (Okawaru gifted it to you on level 2 of the Orcish Mines)
 13222 | Orc:2    | Found Muxial's Magic Scroll Shop.
 13418 | Orc:2    | Bought a scroll of identify for 24 gold pieces
 13420 | Orc:2    | Bought a scroll of identify for 30 gold pieces
 13420 | Orc:2    | Bought a scroll of identify for 30 gold pieces
 13420 | Orc:2    | Bought a scroll of enchant weapon for 112 gold pieces
 13420 | Orc:2    | Bought a scroll of identify for 30 gold pieces
 13420 | Orc:2    | Bought a scroll of remove curse for 45 gold pieces
 13420 | Orc:2    | Bought a scroll of identify for 30 gold pieces
 13439 | Orc:2    | Noticed an orc high priest
 13451 | Orc:2    | Killed an orc high priest
 13493 | Orc:2    | Received a gift from Okawaru
 13859 | Orc:2    | Noticed an orc high priest
 13860 | Orc:2    | Noticed an orc high priest
 13873 | Orc:2    | Killed an orc high priest
 13879 | Orc:2    | Paralysed by an orc sorcerer for 7 turns
 13889 | Orc:2    | Killed from afar by an orc high priest

Vault maps used:
D:1:      ncdulo_wetmaze, interstate_on_off, minivault_27
D:2:      gammafunk_temple_overflow_forgotten, first_bread, kennysheep_potato,
          uniq_terence
D:3:      led_sif_book
D:4:      st_stairs_4, dk_vineyard_2, due_unseen_surprise
D:5:      lemuel_doored_altar, nicolae_ru_awakened_eye
D:6:      uniq_prince_ribbit1, uniq_menkaure
D:7:      kennysheep_mini_moat, kennysheep_generic_room_10
D:8:      hangedman_cross_stitches
D:9:      overflow_temple_1_default, erik_lair_dragon, basic_altar,
          special_room, david_nohive_1, fedhas_altar_3, uniq_erica, uniq_erolcha
D:10:     orc_0_dummy
Orc:1:    uniq_snorg
Orc:2:    pf_orc_diabolical

Skill      XL: |  1  2  3  4  5  6  7  8  9 10 11 12 |
---------------+-------------------------------------+-----
Shields        | 4 5 6 7 9 11 12 13 | 13.4
Armour         | 4 5 6 7 9 10 12 13 | 13.3
Fighting       | 4 5 6 7 9 10 12 13 | 13.2
Axes           | 3 4 5 6 7 9 10 11 13 | 13.1
Dodging        | |  0.9

Action                   |  1- 3 |  4- 6 |  7- 9 | 10-12 || total
-------------------------+-------+-------+-------+-------++-------
Melee: War axe           |    73 |   137 |   365 |    39 ||   614
       Headbutt          |    12 |    16 |    74 |   258 ||   360
       Hand axe          |       |       |       |   819 ||   819
       Flail             |       |       |       |     5 ||     5
       Broad axe         |       |       |       |    82 ||    82
Throw: Tomahawk          |       |       |     2 |       ||     2
Invok: Heroism           |       |       |       |     1 ||     1
  Use: Scroll            |     4 |     7 |     3 |     9 ||    23
       Potion            |     5 |     3 |     2 |     4 ||    14
  Eat: Bread ration      |     1 |       |       |     5 ||     6
       Beef jerky        |     1 |       |       |     1 ||     2
       Meat ration       |       |     1 |     1 |       ||     2
       Pizza             |       |     1 |       |       ||     1
       Fruit             |       |       |     2 |     2 ||     4
       Royal jelly       |       |       |       |     1 ||     1
Armor: Scale mail        |    26 |    36 |       |       ||    62
       Plate armour      |       |    75 |   187 |   417 ||   679
Dodge: Dodged            |    25 |    47 |    71 |   168 ||   311
Block: Shield            |    29 |    99 |   258 |   538 ||   924
